 Dungeon Crawl Stone Soup version 0.20.1-1-g8b1a95d66d (webtiles) character file.

142 NullDivider the Vexing (level 5, 0/21 HPs)
             Began as a Felid Enchanter on Nov 15, 2017.
             Slain by a rat (1 damage)
             ... on level 2 of the Dungeon.
             The game lasted 00:20:23 (4297 turns).

NullDivider the Vexing (Felid Enchanter)            Turns: 4297, Time: 00:20:24

Health: 0/21       AC:  1    Str:  4    XL:     5   Next: 4%
Magic:  1/11       EV: 19    Int: 18    God:
Gold:   104        SH:  0    Dex: 16    Spells: 1/10 levels left
                                        Lives:  0   Deaths: 1

rFire    . . .     SeeInvis +     - Unarmed
rCold    . . .     Gourm    .   (shield unavailable)
rNeg     . . .     Faith    .   (armour unavailable)
rPois    .         Spirit   .   (helmet unavailable)
rElec    .         Reflect  .   (cloak unavailable)
rCorr    .         Harm     .   (gloves unavailable)
MR       .....                  (boots unavailable)
Stlth    +++.......             (no amulet)
Regen    0.1/turn               c - ring of flight
MPRegen  0.2/turn               (no ring)

@: quick
A: no armour, no weapons or thrown items, stealth, claws 1, fangs 3, see
invisible, carnivore 3, speed 1, shaggy fur 1, slow metabolism 1, sharp paws
a: Evoke Flight


You were on level 2 of the Dungeon.
You were completely stuffed.

You visited 1 branch of the dungeon, and saw 3 of its levels.

You collected 104 gold pieces.

Inventory:

Jewellery
 c - a ring of flight (left paw)
 l - an uncursed amulet of faith
Wands
 o - a wand of disintegration (3/24)
 p - a wand of flame (30/48)
Scrolls
 d - a scroll of fog {unknown}
 g - 3 scrolls of remove curse {unknown}
 i - a scroll of enchant weapon {unknown}
 j - 2 scrolls of teleportation {unknown}
 m - 2 scrolls of magic mapping {unknown}
 n - 2 scrolls of fear {unknown}
 q - a scroll of amnesia {unknown}
Potions
 e - a potion of degeneration {unknown}
 f - a potion of haste {unknown}
 h - 2 potions of curing {unknown}
Books
 a - a book of Maledictions

   Spells                             Type                      Level
   a - Corona                         Hexes                        1
   b - Ensorcelled Hibernation        Hexes/Ice                    2
   c - Confuse                        Hexes                        3
   d - Tukima's Dance                 Hexes                        3
   e - Dazzling Spray                 Conjuration/Hexes            3
Comestibles
 b - 3 meat rations
 k - 4 royal jellies


   Skills:
 + Level 4.0 Dodging
 + Level 5.0 Stealth
 + Level 2.2 Unarmed Combat
 * Level 3.3 Spellcasting
 * Level 5.5 Hexes


You had one spell level left.
You knew the following spells:

 Your Spells              Type           Power        Failure   Level  Hunger
a - Corona                Hex            ###....      1%          1    None
b - Ensorcelled Hibernat  Hex/Ice        ##....       8%          2    ##.....
c - Tukima's Dance        Hex            ###.....     4%          3    ###....
d - Confuse               Hex            ###.....     4%          3    ###....


Dungeon Overview and Level Annotations

Branches:
Dungeon (3/15)

Altars:
Ashenzari
Sif Muna
Trog

Portals:
Sewer: D:3


Innate Abilities, Weirdness & Mutations

You cannot wear armour.
You are incapable of wielding weapons or throwing items.
Your paws allow you to move quietly. (Stealth)
You have sharp claws.
You have razor-sharp teeth.
You have supernaturally acute eyesight. (SInv)
You are carnivorous and can eat meat at any time.
You cover ground quickly.
You are covered in fur. (AC +1)
You have a slow metabolism.
Your sharp claws are effective at attacking unaware monsters.


Message History

The rat barely misses you. The orc completely misses you.
Aiming: Disintegrate (will waste charges)
Press: ? - help, Shift-Dir - straight line, f/p - orc priest
Aim: an orc priest, wielding a war axe (severely wounded, chance to defeat MR: 65%)
The orc priest is blasted.
You blow up the orc priest!
Your Dodging skill increases to level 4!
Your Stealth skill increases to level 5!
You have reached level 5!
You feel clever.
Evoking this partially-identified wand wasted a few charges.
The rat misses you. The orc closely misses you.
Aiming: Disintegrate (will waste charges)
Press: ? - help, Shift-Dir - straight line, f - orc
Aim: an orc, wielding a hand axe and wearing a leather armour (chance to defeat MR: 80%)
The orc is blasted.
You blow up the orc!
Evoking this partially-identified wand wasted a few charges.
The rat bites you.
You die...

#.############ #
#............# #
#.#########.## # #.# #.# #
#.# #.# ####
#########.#########.# ...#
#...................#
...#####.#######)###########
...............)@############
...####..#.....r...%........#
#### #..####.############.##
# #.......# #.# ## #.#######
#.# .# #.# #.# .## #.#
###########.## ..# #.#
#............# #.#####.#
#.############


You could see a rat.

Vanquished Creatures
  2 orc priests
  5 adders
  An ooze (D:1)
  3 worms
  2 dart slugs
  3 leopard geckos
  6 orcs
  7 bats
  2 giant cockroaches
  8 goblins
  5 hobgoblins
  3 jackals (D:1)
  6 kobolds
  A quokka (D:2)
  3 ball pythons
  6 frilled lizards
  12 rats
75 creatures vanquished.

Notes
Turn   | Place    | Note
-------+----------+-------------------------------------------
     0 | D:1      | NullDivider the Felid Enchanter began the quest for the Orb.
     0 | D:1      | Reached XP level 1. HP: 7/7 MP: 4/4
   291 | D:1      | Reached XP level 2. HP: 9/11 MP: 4/6
   634 | D:1      | Learned a level 2 spell: Ensorcelled Hibernation
  1635 | D:1      | Reached XP level 3. HP: 14/14 MP: 7/7
  2527 | D:2      | Learned a level 3 spell: Tukima's Dance
  2745 | D:2      | Reached XP level 4. HP: 15/18 MP: 6/9
  3080 | D:2      | Reached skill level 5 in Hexes
  3289 | D:2      | Found a bloodstained altar of Trog.
  3529 | D:2      | Slain by a worm
  3530 | D:2      | Reached XP level 3. HP: 0/14 MP: 4/8
  3617 | D:3      | Reached XP level 4. HP: 18/18 MP: 2/9
  4150 | D:3      | Learned a level 3 spell: Confuse
  4150 | D:3      | Found a deep blue altar of Sif Muna.
  4150 | D:3      | Found a shattered altar of Ashenzari.
  4266 | D:3      | Found a glowing drain.
  4296 | D:2      | Reached skill level 5 in Stealth
  4296 | D:2      | Reached XP level 5. HP: 1/21 MP: 1/11
  4297 | D:2      | Slain by a rat

Skill      XL: |  1  2  3  4 |
---------------+-------------+-----
Dodging        | 3 4 |  4.0
Hexes          | 5 |  5.5
Unarmed Combat | 2 |  2.2
Spellcasting   | 3 |  3.3
Stealth        | 5 |  5.0

Action                   |  1- 3 |  4- 6 || total
-------------------------+-------+-------++-------
Melee: Unarmed           |    99 |    74 ||   173
       Bite              |     5 |     4 ||     9
 Cast: Corona            |    15 |     5 ||    20
       Ensorcelled Hiber |    26 |    21 ||    47
       Tukima's Dance    |       |     1 ||     1
Evoke: Wand              |       |     3 ||     3
 Stab: Sleeping          |    27 |    18 ||    45
  Eat: Chunk             |    18 |     4 ||    22
Armor: Skin              |     2 |     7 ||     9
Dodge: Dodged            |    55 |    74 ||   129
